 Dungeon Crawl Stone Soup version 0.27-a0-1083-gcf8293e1eb (webtiles) character file.

Game seed: 16778605731377867126

4424 EnegeticOcto the Cleaver (level 10, -6/88 HPs)
             Began as a Deep Dwarf Delver on Apr 26, 2021.
             Was a Believer of Ru.
             Shot with an arrow by a centaur warrior (24 damage)
             ... on level 8 of the Dungeon.
             The game lasted 00:10:21 (1438 turns).

EnegeticOcto the Cleaver (Deep Dwarf Delver)        Turns: 1438, Time: 00:10:22

Health: -6/88      AC:  8    Str: 24    XL:     10   Next: 14%
Magic:  6/6        EV:  8    Int: 11    God:    Ru [**....]
Gold:   204        SH:  0    Dex: 15    Spells: 14/14 levels left

rFire    . . .     SeeInvis .   p - +7 war axe
rCold    . . .     Faith    .   (no shield)
rNeg     . . .     Spirit   .   h - +0 chain mail
rPois    .         Reflect  .   (no helmet)
rElec    .         Harm     .   (no cloak)
rCorr    .         Rampage  .   (no gloves)
Will     +....                  (no boots)
Stlth    ..........             o - amulet of the acrobat
HPRegen  0.00/turn              s - +6 ring of strength
MPRegen  0.10/turn              (no ring)

@: non-regenerating
A: damage resistance, heal wounds, sense surroundings 2, unskilled 1, no
regeneration
a: Heal Wounds, Renounce Religion


You were on level 8 of the Dungeon.
You worshipped Ru.
Ru was pleased with you.
You visited 2 branches of the dungeon, and saw 11 of its levels.

You collected 204 gold pieces.

Inventory:

Hand Weapons
 a - a +0 hand axe
 j - a +2 executioner's axe of electrocution
   (You acquired it on level 5 of the Dungeon)
 p - a +7 war axe (weapon)
   (You took it off a wight on level 7 of the Dungeon)
Armour
 b - a +0 leather armour
 h - a +0 chain mail (worn)
   (You took it off an orc on level 5 of the Dungeon)
Jewellery
 m - a ring of wizardry
   (You found it on level 7 of the Dungeon)
 o - an amulet of the acrobat (around neck)
   (You found it on level 7 of the Dungeon)
 s - a +6 ring of strength (left hand)
   (You found it on level 9 of the Dungeon)
Wands
 g - a wand of digging (2) {@v3}
 k - a wand of polymorph (8)
   (You found it on level 9 of the Dungeon)
 q - a wand of flame (10) {@v4}
   (You found it on level 8 of the Dungeon)
 t - a wand of iceblast (2) {@v2}
   (You found it on level 9 of the Dungeon)
Scrolls
 c - a scroll of fog {!r}
 e - a scroll of fear {!r}
 n - a scroll of vulnerability
Potions
 d - 2 potions of curing {@q1 !q}
 f - a potion of haste {@q4 !q}
 i - a potion of heal wounds {@q2 !q}
 l - 2 potions of flight {unknown}


   Skills:
 - Level 5.0 Fighting
 * Level 13.0 Axes
 - Level 2.0 Dodging
 - Level 5.4 Stealth
 - Level 2.6 Spellcasting


You had 14 spell levels left.
You didn't know any spells.
Your spell library was empty.

Dungeon Overview and Level Annotations

Branches:
Dungeon (12/15)            Temple (1/1) D:4
   Lair: D:8-11         Orc: D:9-12

Altars:
Dithmenos
Elyvilon
Gozag
Makhleb
Nemelex Xobeh
Ru
Trog
Uskayaw
Vehumet
Wu Jian
Xom
Zin

Annotations:
D:12 1 transporter, Nosferatu13666's ghost, journeyman SpBr


Innate Abilities, Weirdness & Mutations

You are resistant to damage.
You can heal yourself by infusing magical energy.
You passively map the area around you.
You are somewhat unskilled. (-1 Apt)
You do not regenerate.


Message History

The killer bee is almost dead.
The killer bee barely misses you.
You closely miss the killer bee.
The killer bee is almost dead.
The killer bee closely misses you.
You redirect the killer bee's attack!
The killer bee closely misses something.
You hit the killer bee.
You kill the killer bee!
The kobold is stunned by your conviction and fails to attack.
You slice the kobold!!
You kill the kobold!
The kobold wields a +0 hand crossbow.
The kobold shoots a bolt.
The bolt barely misses you.
You closely miss the kobold. The kobold hits you but does no damage.
You completely miss the kobold. You slash the kobold!
You kill the kobold!
The kobold unwields a +0 hand crossbow.
The kobold completely misses you. The kobold hits you but does no damage.
Items here: (( ))) ††.
The kobold completely misses you. x2
You slash the kobold!
You kill the kobold!
You closely miss the kobold.
You are no longer poisoned.
The kobold hits you with a +0 dagger.
Your Axes skill increases to level 13!
The kobold closely misses you.
Things that are here:
a +0 hand crossbow; 26 bolts; a kobold corpse You slash the kobold!
You kill the kobold!
Things that are here:
a +0 dagger; a stone; a kobold corpse A howler monkey zombie comes into view.
Things that are here:
a +0 hand crossbow; 26 bolts; a kobold corpse
Items here: (( ))) ††.
Items here: ( )) †.
You see here a +0 dagger.
The howler monkey zombie closely misses you.
Found a runed iron wand.
Found 24 stones.
You see here a wand of iceblast (2) {@v2}.
t - a wand of iceblast (2) {@v2} A centaur comes into view.
The centaur shouts!
Found an escape hatch in the ceiling.
The centaur wields a +0 shortbow.
The centaur shoots an arrow.
The arrow misses you.
The centaur shoots an arrow.
The arrow misses you.
The centaur shoots an arrow.
The arrow misses you.
The centaur unwields a +0 shortbow.
The centaur completely misses you. The centaur barely misses you.
The howler monkey zombie hits you but does no damage.
You are too injured to fight recklessly!
You are too injured to fight recklessly!
You slash the centaur!
The centaur is heavily wounded.
You closely miss the howler monkey zombie.
The centaur closely misses you.
The centaur kicks you but does no damage.
The howler monkey zombie hits you but does no damage.
The centaur closely misses you. The centaur barely misses you.
You slice the centaur!!
You kill the centaur!
You slash the howler monkey zombie!
The howler monkey zombie hits you but does no damage.
You slash the howler monkey zombie!
You destroy the howler monkey zombie!
Found an escape hatch in the floor.
There is an escape hatch in the ceiling here.
Really go through this one-way escape hatch?
A mysterious force pulls you upwards. The hatch slams shut behind you.
Found 16 gold pieces.
You now have 204 gold pieces (gained 16).
Really read
r - a scroll of teleportation {@r3 !r}?
As you read the scroll of teleportation {@r3 !r}, it crumbles to dust.
You feel strangely unstable.
Your surroundings suddenly seem different.
Found 12 sling bullets.
Found an escape hatch in the floor.
A boulder beetle comes into view.
Found a scroll of identify.
Okay, then.
Okay, then.
Okay, then.
A centaur warrior comes into view.
The centaur warrior shouts!
You hear two shouts!
The centaur warrior wields a +0 longbow.
The centaur warrior shoots an arrow.
The arrow hits you!
You redirect the boulder beetle's attack!
A two-headed ogre comes into view. It is wielding two +0 giant clubs.
You hear an angry buzzing noise.
The centaur warrior shoots an arrow.
The arrow hits you!!
* * * LOW HITPOINT WARNING * * *
You fail to use your ability.
The centaur warrior shoots an arrow.
The arrow hits you!
* * * LOW HITPOINT WARNING * * *
The centaur warrior shoots an arrow.
The arrow hits you!!
You die...

#..........#** ,* ,
#..........# * ,
#..........# , ,
#..........# , *
#..........# ,,
#..........# *,
#..........# , . ,
######..........# ..., ,
...............@#####....
,
.........#######.........
* .........# #.B....... *
* *.........# #......c..
.........# #......O?. , ,
*...>(....# #......##.
########## #.....#.. **
#...##.*## , #...# ## ,**
,


You could see a boulder beetle, a centaur warrior and a two-headed ogre.

Vanquished Creatures
  An ugly thing (D:11)
  A manticore (D:12)
  A gargoyle (D:11)
  A slime creature (D:12)
  A meliai zombie (D:11)
  A shadow (D:11)
  A wraith (D:9)
  A vampire (D:11)
  3 yaks (D:11)
  A water moccasin (D:8)
  An ice beast (D:6)
  An orc warrior (D:11)
  A necrophage (D:4)
  4 centaurs
  A kobold brigand (D:9)
  A scorpion (D:5)
  A gnoll sergeant (D:5)
  6 killer bees (D:9)
  5 wights (D:7)
  2 howler monkeys
  2 centaur zombies
  A hound (D:6)
  A bullfrog zombie (D:6)
  A centaur skeleton (D:7)
  An iguana (D:7)
  3 orc wizards
  A howler monkey zombie (D:9)
  5 gnolls (D:5)
  5 adders
  3 orcs
  2 endoplasms (D:3)
  A quokka (D:5)
  A ball python (D:4)
  7 kobolds (D:9)
69 creatures vanquished.

Vanquished Creatures (others)
  A cyclops (D:11)
1 creature vanquished.

Grand Total: 70 creatures vanquished

Notes
Turn   | Place    | Note
-------+----------+-------------------------------------------
     0 | D:5      | EnegeticOcto the Deep Dwarf Delver began the quest for the
                  | Orb.
     0 | D:5      | Reached XP level 1. HP: 20/20 MP: 1/1
    38 | D:5      | Found a hide-covered altar of Uskayaw.
    57 | D:5      | Identified a scroll of acquirement
    57 | D:5      | Acquired a +2 executioner's axe of electrocution
    63 | D:5      | Noticed a gnoll sergeant
    65 | D:5      | Reached skill level 3 in Axes
    65 | D:5      | Reached XP level 2. HP: 14/27 MP: 2/2
    70 | D:5      | Reached skill level 4 in Axes
    70 | D:5      | Reached XP level 3. HP: 26/33 MP: 3/3
    71 | D:5      | Your magical essence is drained by the effort!
    74 | D:5      | Your magical essence is drained by the effort!
    75 | D:5      | Killed a gnoll sergeant
    76 | D:5      | Reached skill level 5 in Axes
    76 | D:5      | Reached XP level 4. HP: 3/40 MP: 2/2
   105 | D:4      | Found a staircase to the Ecumenical Temple.
   134 | D:4      | Reached XP level 5. HP: 32/46 MP: 3/3
   138 | Temple   | Entered the Ecumenical Temple
   167 | Temple   | Became a worshipper of Ru the Awakened
   219 | D:4      | Noticed a necrophage
   226 | D:4      | Killed a necrophage
   227 | D:4      | Reached skill level 6 in Axes
   227 | D:4      | Reached skill level 1 in Spellcasting
   249 | D:5      | Reached XP level 6. HP: 55/55 MP: 6/6
   252 | D:5      | Reached skill level 2 in Spellcasting
   314 | D:6      | Reached skill level 7 in Axes
   317 | D:6      | Noticed an ice beast
   326 | D:6      | Killed an ice beast
   327 | D:6      | Reached skill level 3 in Spellcasting
   327 | D:6      | Reached XP level 7. HP: 41/61 MP: 9/9
   468 | D:7      | Reached skill level 8 in Axes
   599 | D:8      | Reached skill level 9 in Axes
   629 | D:9      | Reached skill level 3 in Fighting
   631 | D:9      | Your magical essence is drained by the effort!
   659 | D:9      | Reached XP level 8. HP: 48/69 MP: 9/9
   748 | D:8      | Gained mutation: You are somewhat unskilled. (-1 Apt) [Ru
                  | sacrifice]
   748 | D:8      | Reduced skill Stealth to level 5
   748 | D:8      | Reduced skill Spellcasting to level 2
   748 | D:8      | Reached * piety under Ru
   748 | D:8      | Reached ** piety under Ru
   811 | D:10     | Entered Level 10 of the Dungeon
   820 | D:10     | Found an opulent altar of Gozag.
   908 | D:11     | Your magical essence is drained by the effort!
   922 | D:11     | Noticed a cyclops
   927 | D:11     | Noticed a gargoyle
   933 | D:11     | Killed a cyclops
   934 | D:11     | Reached skill level 4 in Fighting
   936 | D:11     | Your magical essence is drained by the effort!
   946 | D:11     | Killed a gargoyle
   947 | D:11     | Reached skill level 10 in Axes
   957 | D:11     | Noticed a brown ugly thing
   972 | D:11     | Your magical essence is drained by the effort!
   978 | D:11     | Killed a brown ugly thing
   979 | D:11     | Gained mutation: You passively map the area around you.
                  | [Deep Dwarf growth]
   979 | D:11     | Reached XP level 9. HP: 32/80 MP: 7/7
   992 | D:11     | Your magical essence is drained by the effort!
  1027 | D:12     | Found a transporter.
  1029 | D:12     | Noticed Nosferatu13666's ghost (journeyman SpBr)
  1043 | D:12     | Noticed a manticore
  1069 | D:12     | Reached skill level 5 in Fighting
  1069 | D:12     | Reached skill level 11 in Axes
  1070 | D:12     | Killed a manticore
  1113 | D:11     | Reached skill level 12 in Axes
  1124 | D:11     | Your magical essence is drained by the effort!
  1169 | D:11     | Reached XP level 10. HP: 47/88 MP: 6/6
  1319 | D:9      | Reached skill level 13 in Axes
  1433 | D:8      | Noticed a boulder beetle
  1435 | D:8      | Noticed a centaur warrior
  1435 | D:8      | Noticed a two-headed ogre
  1438 | D:8      | Shot with an arrow by a centaur warrior

Illustrated notes

Levels and vault maps discovered:
D:3:      layout_rooms, lemuel_coloured_pillars_altar,
          hangedman_abyss_or_decor_stabs, grunt_ministairs_8, uniq_sigmund,
          uniq_natasha
D:4:      layout_loops_ring, minmay_temple_entry_tees
D:5:      layout_rooms, kennysheep_mini, fedhas_altar_fruit_tree
D:6:      cheibrodos_fertilizer, layout_rooms,
          gammafunk_temple_overflow_elements, serial_shops,
          kennysheep_mini_moat, minmay_misc_feat_square, uniq_eustachio
D:7:      layout_basic, uniq_prince_ribbit1
D:8:      minmay_flawed_box, layout_basic, minmay_manual_mess
D:9:      layout_cave_pods
D:10:     cheibrodos_statue_roulette, layout_basic, amcnicky_altar_gilded,
          david_lair_shrubbed
D:11:     layout_layer_cave, zin_purify
D:12:     layout_basic, gammafunk_ghost_stat_death
Temple:   nicolae_temple_elliptical

Skill      XL: |  1  2  3  4  5  6  7  8  9 10 |
---------------+-------------------------------+-----
Axes           | 3 4 5 6 7 9 10 12 13 | 13.0
Spellcasting   | 1 3 2 |  2.6
Fighting       | 3 4 5 |  5.0
Stealth        | 5 |  5.4
Dodging        | |  2.0

Action                   |  1- 3 |  4- 6 |  7- 9 | 10-12 || total
-------------------------+-------+-------+-------+-------++-------
Melee: Hand axe          |    10 |       |       |       ||    10
       Executioner's axe |    11 |    55 |    13 |       ||    79
       War axe           |       |       |   145 |    43 ||   188
Invok: Sacrifice Skill   |       |       |     1 |       ||     1
 Abil: Heal Wounds       |     4 |     7 |    21 |     2 ||    34
Evoke: Wand              |       |       |     2 |     1 ||     3
  Use: Scroll            |     1 |     1 |     8 |     1 ||    11
Armor: Chain mail        |    17 |    58 |    87 |    20 ||   182
Dodge: Dodged            |    23 |    51 |    92 |    35 ||   201

Table legend: (Time is in decaauts)
 A = Elapsed time spent in this place.
 B = Non-inter-level travel time spent in this place.
 C = Inter-level travel time spent in this place.
 D = Time resting spent in this place.
 E = Time spent auto-exploring this place.
 F = Levels seen in this place.
 G = Mean time per level.
                   A        B        C        D        E       F      G
               +--------+--------+--------+--------+--------+-----+--------+
         Total |   1501 |   1400 |    101 |      0 |      0 |  11 |  136.5 |
       Dungeon |   1451 |   1369 |     82 |      0 |      0 |  10 |  145.1 |
        Temple |     49 |     30 |     19 |      0 |      0 |   1 |   49.0 |
               +--------+--------+--------+--------+--------+-----+--------+

Top non-repeatable levels by time:
     D:9: 271 daAuts
    D:11: 268 daAuts
     D:8: 230 daAuts
     D:5: 166 daAuts
     D:7: 129 daAuts
     D:6: 101 daAuts
    D:12: 97 daAuts
    D:10: 97 daAuts
     D:4: 63 daAuts
  Temple: 49 daAuts
     D:3: 24 daAuts
